 Dungeon Crawl Stone Soup version 0.17-a0-1115-g0372368 (webtiles) character file.

561920 onwiheg the Phalangite (level 25, -1/256 HPs)
             Began as a Minotaur Berserker on May 21, 2015.
             Was the Champion of Trog.
             Slain by a smoke demon (3 damage)
             ... on level 12 of a ziggurat on May 23, 2015.
             The game lasted 06:39:13 (55198 turns).

onwiheg the Phalangite (Minotaur Berserker)        Turns: 55198, Time: 06:39:13

Health: -1/256     AC: 35    Str: 32    XL:     25   Next: 87%
Magic:  0/8        EV: 25    Int:  5    God:    Trog [******]
Gold:   6890       SH:  0    Dex: 17    Spells: 0 memorised, 24 levels left

rFire  . . .     SeeInvis +     E - +4 bardiche (freeze)
rCold  + + +     Rnd*Rage +     H - +5 crystal plate armour of the Many Lies {rC- Regen+ Dex+8 Slay+2}
rNeg   . . .     SustAt   .     (no shield)
rPois  +         Gourm    +     N - +0 hat
rElec  +         Spirit   .     G - +2 cloak of Starlight {rElec rC+ EV+4 Stlth--}
rCorr  +         Warding  .     g - +0 pair of gloves "Belieh" {rElec MR+ rCorr MP-9}
rMut   .         Rnd*Tele +     A - +1 pair of boots
MR     ++...                    D - amulet "Fomp" {Gourm *Contam rPois rC+++ Stlth+}
Stlth  ..........               u - ring of see invisible
                                O - +3 ring of slaying

@: brilliant, berserking, non-regenerating, badly diseased, slowed, lost
intelligence, very resistant to hostile enchantments, extremely unstealthy
A: retaliatory headbutt, horns 2, berserk 3, blurry vision 3, clumsy 2, deformed
body, deterioration 2, dopey 2, frail 3, low mp 3, screaming 3, slow healing 3,
teleportitis 3, weak 2, no device heal 2, subdued magic 3, MP-powered wands
a: Burn Spellbooks, Berserk, Trog's Hand, Brothers in Arms, Renounce Religion
}: 2/15 runes: decaying, gossamer


You were on level 12 of a ziggurat.
You worshipped Trog.
Trog was exalted by your worship.
You were very full.

You visited 9 branches of the dungeon, and saw 46 of its levels.
You visited the Abyss 1 time.
You visited 1 ziggurat, and saw 12 of its levels.
You also visited: Trove and Bailey.

You collected 7384 gold pieces.
You spent 494 gold pieces at shops.

Inventory:

Hand weapons
 k - a +2 bardiche of protection
 B - a +2 antimagic bardiche
 E - a +4 bardiche of freezing (weapon)
 F - a +9 triple crossbow of flaming
Missiles
 R - 7 javelins (quivered)
Armour
 g - the +0 pair of gloves "Belieh" (worn) {rElec MR+ rCorr MP-9}
   (You found it on level 4 of a ziggurat)

   It insulates you from electricity.
   It affects your resistance to hostile enchantments.
   It affects your magic capacity (-9).
   It protects you from acid and corrosion.
 A - a +1 pair of boots (worn)
 G - the +2 cloak of Starlight (worn) {rElec rC+ EV+4 Stlth--}
   (You found it on level 6 of a ziggurat)

   It affects your evasion (+4).
   It protects you from cold.
   It insulates you from electricity.
   It makes you much less stealthy.
 H - the +5 crystal plate armour of the Many Lies (worn) {rC- Regen+ Dex+8 Slay+2}
   (You acquired it on level 15 of the Dungeon)

   It affects your dexterity (+8).
   It affects your accuracy and damage with ranged weapons and melee attacks
   (+2).
   It makes you vulnerable to cold.
   It increases your rate of regeneration.
 N - a +0 hat (worn)
 Y - the cursed +0 chain mail "Ufekk" {rC+ Slay+3, unknown}
   (You found it on level 11 of a ziggurat)

   It affects your accuracy and damage with ranged weapons and melee attacks
   (+3).
   It protects you from cold.
   It has a curse placed upon it.
Jewellery
 m - an uncursed ring of protection from fire
 r - an uncursed ring of protection from fire
 u - a ring of see invisible (right hand)
 v - an uncursed ring of protection from cold
 D - the amulet "Fomp" (around neck) {Gourm *Contam rPois rC+++ Stlth+}
   (You found it on level 4 of the Orcish Mines)

   [amulet of the gourmand]

   It allows you to eat raw meat even when not hungry.
   It renders you almost immune to cold.
   It protects you from poison.
   It causes magical contamination when unequipped.
   It makes you more stealthy.
 O - a +3 ring of slaying (left hand)
 P - an uncursed ring of sustain attributes
 Z - an uncursed ring of poison resistance {unknown}
Magical devices
 f - a wand of digging (8)
 I - a wand of hasting (5)
 L - a wand of teleportation (2)
 M - a wand of disintegration (13)
 W - a wand of invisibility (0)
Scrolls
 b - 17 scrolls of remove curse
 e - 2 scrolls of blinking
 i - 2 scrolls of fear
 o - 2 scrolls of immolation
 t - 4 scrolls of teleportation
 x - 2 scrolls of enchant armour
 y - 3 scrolls of identify
 z - 7 scrolls of fog
 C - a scroll of enchant weapon
 J - 4 scrolls of recharging
 S - 6 scrolls of magic mapping
Potions
 d - 3 potions of cancellation
 h - 10 potions of curing
 j - 5 potions of might
 p - 2 potions of magic
 q - 4 potions of brilliance
 s - 9 potions of heal wounds
 w - 4 potions of haste
 K - 2 potions of agility
 Q - a potion of berserk rage
 T - a potion of invisibility
 V - a potion of cure mutation
Miscellaneous
 a - an ornate deck of defence
Comestibles
 c - 17 bread rations
 l - a beef jerky
 n - a royal jelly
 U - 3 chunks of flesh
 X - 2 meat rations


   Skills:
 - Level 24.0 Fighting
 - Level 25.3 Polearms
 - Level 23.0 Armour
 - Level 23.0 Dodging
 + Level 4.3 Evocations


You had 24 spell levels left.
You didn't know any spells.

Dungeon Overview and Level Annotations

Branches:
Dungeon (15/15)            Temple (0/1) D:4            Lair (8/8) D:8
  Swamp (4/4) Lair:3       Spider (4/4) Lair:4        Slime (0/6) Lair:8
    Orc (4/4) D:11            Elf (3/3) Orc:4        Vaults (4/5) D:14
  Crypt (2/3) Vaults:2     Depths (2/5) D:15

Altars:
Cheibriados
Fedhas
Gozag
Kikubaaqudgha
Makhleb
Okawaru
Qazlal
Zin
Beogh
Lugonu

Shops:
D:4 [%   D:6 }   D:8 :   Orc:4 (:?!   Elf:1 [   Elf:2 }   Vaults:2 %
Vaults:3 (   Vaults:4 }   Depths:2 ?

Portals:
Hell: Depths:1 Depths:2
Abyss: Depths:1
Pandemonium: Depths:2


Innate Abilities, Weirdness & Mutations

You reflexively headbutt those who attack you in melee.
You have a pair of horns on your head.
[You have an uncontrollable temper.]
[Scrolls take you much longer to read.]
[You are very clumsy. (Dex -4)]
[Armour fits poorly on your strangely shaped body.]
[Your body often deteriorates upon taking damage.]
[You are very dopey. (Int -4)]
[You are extremely frail (-30% HP).]
[Your magical capacity is extremely low (-30% MP).]
[You frequently scream uncontrollably at your foes.]
[You do not heal naturally.]
[You are often teleported to nearby monsters.]
[You are very weak. (Str -4)]
[Potions and wands are poor at restoring your health.]
[Your spells are much easier to cast, but much less powerful.]
[You expend magic power (3 MP) to strengthen your wands.]


Message History

You slice the starcursed mass!! You freeze the starcursed mass.
You destroy the starcursed mass!
You are engulfed in a cloud of scalding steam.
Your iron troll bites the rakshasa!
The injured rakshasa weaves a defensive illusion!
The smoke demon gestures at you. The ball of steam hits you!
The lorocyproca completely misses you.
The lorocyproca hits you but does no damage.
The ancient zyme hits you but does no damage.
The ancient zyme misses you.
You slash the ancient zyme! You freeze the ancient zyme.
The ancient zyme is severely damaged.
The shadow imp picks up a beetle and eats it.
A deafening chorus of shrieks assaults your mind!
* * * LOW HITPOINT WARNING * * *
Your iron troll bites the rakshasa!!!
The rakshasa dies!
Trog accepts your kill. The smoke demon hits you.
You die...

▓▓▓▓▓▓▓▓▓▓▓
▓▓.........▓▓
▓▓..55*5.R...▓▓
▓▓..53*23......▓▓
▓...5Gx@3RT.....▓▓
\[..53#2RX#......▓▓
?\....XxX.).......▓▓
)[....3X5X.......∩.▓
:|................▓▓
!=....#...#......▓▓
▓...............▓▓
▓.............▓▓
▓▓...........▓▓


You could see 5 starcursed masses, 2 lorocyprocas, 2 wretched stars, 3
rakshasas, 2 ancient zymes, an eye of draining, 2 smoke demons, a neqoxec, a
ynoxinul, a chaos spawn, 2 quasits, a white imp, 2 shadow imps, 2 ufetubi and a
friendly iron troll (berserk).

Vanquished Creatures
  Mara (Vaults:3)
  Mennas (Vaults:3)
  Frederick (Vaults:3)
  the Lernaean hydra (Swamp:4)
  A Killer Klown (Zig:7)
  Nikola (Spider:2)
  2 pandemonium lords (Zig:10)
  Arachne (Spider:2)
  2 liches
  A hellephant (Zig:4)
  Jorgrun (Swamp:3)
  Rupert (D:14)
  A tentacled monstrosity (Swamp:1)
  Asterion (Depths:2)
  A deep elf blademaster (Elf:2)
  2 acid blobs (Zig:8)
  3 tentacled starspawn
  3 Executioners
  An ancient champion (Crypt:1)
  6 sphinxes
  A sphinx (shapeshifter) (Zig:10)
  Agnes (Spider:3)
  3 thorn hunters
  A shadow dragon (shapeshifter) (Zig:2)
  3 revenants
  An azure jelly (shapeshifter) (Zig:7)
  Roxanne (Spider:2)
  3 azure jellies
  Wiglaf (Spider:2)
  2 tengu reavers
  Donald (Orc:3)
  The ghost of Borgoz the Imperceptible, a mighty SpAs of Yredelemnul (Elf:3)
  5 fire giants
  5 emperor scorpions (Spider:4)
  4 frost giants
  11 vault wardens
  4 curse skulls
  2 orc warlords
  3 deep elf sorcerers
  9 ghouls
  15 ironheart preservers
  2 reapers
  3 ghost moths (Spider:4)
  3 vampire knights
  7 rakshasas
  19 stone giants
  8 very ugly things
  A deep elf annihilator (Vaults:2)
  2 dire elephants
  3 deep elf demonologists
  Azrael (Orc:4)
  4 eidola
  2 deep elf death magi (Crypt:2)
  Snorg (D:13)
  4 ettins
  6 jiangshi
  A death ooze (Swamp:4)
  7 fire dragons
  2 green deaths (Swamp:4)
  4 great orbs of eyes
  11 yaktaur captains
  6 vault guards
  7 entropy weavers
  21 hydras
  7 ice dragons
  A naga warrior (Zig:5)
  3 centaur warriors
  2 ghost crabs
  3 death knights
  2 catoblepae
  An alligator snapping turtle (shapeshifter) (Zig:10)
  A spectral sphinx (Zig:9)
  3 hell beasts
  The ghost of MordorOrchid the Basher, an experienced TrBe of Trog (Bailey)
  14 dancing weapons (Elf:2)
  10 ogre magi
  10 alligators
  A queen ant (Lair:8)
  2 vampire magi
  3 tengu warriors
  17 death yaks
  8 orc high priests
  4 deep troll shamans
  A salamander stormcaller (Vaults:4)
  Urug (Lair:4)
  2 naga sharpshooters (Zig:5)
  6 deep troll earth magi
  10 large abominations
  Sonja (D:13)
  7 thrashing horrors
  12 hell knights (Depths:2)
  21 deep elf knights
  3 soul eaters
  A sun demon (Depths:1)
  2 fire crabs
  A titan skeleton (Crypt:1)
  5 unseen horrors
  A giant orange brain (shapeshifter) (Zig:7)
  17 skeletal warriors
  2 shadow wraiths
  A death drake (Abyss:1)
  2 spriggan druids
  20 deep trolls
  An ice devil (Abyss:1)
  A shadow demon (Abyss:1)
  3 giant orange brains
  17 starcursed masses
  7 hill giants
  17 ironbrand convokers
  An anubis guard (shapeshifter) (Vaults:4)
  4 wizards
  An obsidian statue (Zig:7)
  7 deep elf conjurers
  13 deep elf summoners
  A wolf spider zombie (Crypt:1)
  14 orc knights
  A shadow dragon zombie (Crypt:1)
  4 necromancers
  10 orc sorcerers
  4 flayed ghosts
  16 orb spiders
  4 harpies
  2 shambling mangroves
  3 phantasmal warriors
  69 ugly things
  10 swamp dragons
  31 wolf spiders
  A naga ritualist (Zig:5)
  A wolf spider (shapeshifter) (Vaults:2)
  2 shining eyes (Zig:8)
  A shadow dragon skeleton (Crypt:2)
  A cyclops (shapeshifter) (Vaults:2)
  6 manticores
  4 cyclopes
  2 oklob plants (Zig:9)
  13 hornets
  The ghost of Virusyak the Ruffian, an experienced TrMo (Bailey)
  17 elephants
  A salamander (shapeshifter) (Zig:7)
  4 worldbinders
  A stone giant skeleton (Crypt:1)
  15 vault sentinels
  A guardian serpent (Abyss:1)
  Maurice (Orc:2)
  A moth of wrath (shapeshifter) (Vaults:2)
  8 black mambas
  2 apocalypse crabs
  13 griffons
  23 spiny frogs
  A rust devil (Depths:1)
  4 torpor snails
  7 smoke demons (Abyss:1)
  2 kobold demonologists
  A white draconian zombie (Crypt:2)
  6 orange demons
  A death yak zombie (Crypt:1)
  17 demonic crawlers
  3 gargoyles
  4 efreet
  2 spiny frogs (shapeshifter)
  41 yaktaurs
  A fire drake (shapeshifter) (Zig:10)
  A yellow draconian skeleton (Crypt:1)
  8 komodo dragons
  4 tengu conjurers
  6 freezing wraiths
  A white draconian skeleton (Crypt:2)
  2 fire drakes (Zig:11)
  A blue devil (Abyss:1)
  9 trolls
  4 polar bears
  15 two-headed ogres
  A black draconian skeleton (Crypt:2)
  A queen bee (shapeshifter) (Depths:2)
  14 deep elf priests
  23 jumping spiders
  A wolf spider simulacrum (Crypt:1)
  A wandering mushroom (Abyss:1)
  4 ancient zymes
  A raiju (shapeshifter) (Depths:2)
  A stone giant simulacrum (Depths:1)
  The ghost of WhatIsLove the Shield-Bearer, an average FoFi (D:4)
  8 raiju (Abyss:1)
  8 giant leeches
  13 bog bodies
  13 blink frogs
  13 ravens
  2 trapdoor spider zombies
  4 boulder beetles
  An ettin zombie (Crypt:1)
  3 shadows
  An iron dragon simulacrum (Abyss:1)
  62 yaks
  34 deep elf magi
  6 spriggans
  Sigmund (D:2)
  6 flying skulls (Crypt:1)
  17 trapdoor spiders
  47 slime creatures
  21 tarantellas
  An air elemental (Abyss:1)
  4 fire elementals (Orc:4)
  8 wraiths
  5 basilisks
  42 redbacks
  3 ynoxinuls (Abyss:1)
  A wyvern (Lair:7)
  A centaur simulacrum (D:14)
  Eustachio (D:4)
  3 hungry ghosts
  43 deep elf fighters
  35 vampire mosquitoes
  2 hippogriffs (shapeshifter)
  15 hippogriffs
  A golden eye (Zig:8)
  3 mottled dragons
  6 neqoxecs
  16 humans (D:14)
  A hill giant skeleton (Crypt:2)
  8 wolves
  2 steam dragons
  8 wargs
  Menkaure (D:6)
  10 insubstantial wisps
  Edmund (D:6)
  A naga (Zig:5)
  12 soldier ants (Lair:8)
  9 small abominations
  23 swamp worms
  3 chaos spawn
  A gelid demonspawn skeleton (Crypt:2)
  22 water moccasins
  95 orc warriors
  An eye of draining (Zig:8)
  11 porcupines
  A spectral snapping turtle (Crypt:2)
  Duvessa (D:6)
  A deep troll zombie (Crypt:1)
  15 hell hounds
  34 spiders
  A deep troll skeleton (Crypt:2)
  A trapdoor spider simulacrum (D:14)
  A porcupine (shapeshifter) (Depths:1)
  3 black bears
  A black bear (shapeshifter) (Vaults:2)
  2 phantoms
  8 swamp drakes
  6 ice beasts
  6 sky beasts
  A manticore zombie (Crypt:1)
  38 ogres
  5 necrophages (Crypt:2)
  A lindwurm skeleton (Crypt:2)
  8 boggarts
  A tengu (shapeshifter) (D:15)
  A lost soul (Crypt:1)
  11 wasps
  19 crocodiles
  A draconian zombie (Crypt:2)
  17 centaurs
  4 big kobolds
  Blork the orc (D:5)
  A big kobold (shapeshifter) (Depths:2)
  A brain worm (Abyss:1)
  13 giant frogs
  A gnoll sergeant (D:12)
  An ogre simulacrum (Vaults:1)
  Dowan (D:6)
  3 wyvern skeletons
  5 scorpions
  3 troll zombies (Swamp:1)
  15 wights
  A water moccasin skeleton (Crypt:1)
  12 killer bees
  A troll skeleton (Swamp:1)
  A spriggan zombie (Crypt:1)
  An electric eel (Lair:8)
  5 crimson imps
  4 centaur zombies
  6 hounds
  31 orc priests
  2 giant frog skeletons
  5 giant frog zombies
  An iron imp (Abyss:1)
  Crazy Yiuf (D:6)
  A two-headed ogre zombie (Crypt:1)
  3 quasits
  13 iguanas
  15 jellies
  3 centaur skeletons
  47 worker ants
  Terence (D:2)
  Natasha (D:2)
  29 orc wizards
  A lightning spire (Zig:12)
  A hell rat (Vaults:3)
  18 sheep
  A hound zombie (D:10)
  A hound skeleton (D:6)
  20 gnolls
  27 river rats
  14 adders
  3 shadow imps
  5 white imps
  9 ufetubi
  7 oozes
  An adder zombie (D:8)
  2 worms
  4 giant geckos
  318 orcs
  A spectral bat (Crypt:2)
  3 ball pythons
  11 bats
  5 giant cockroaches
  37 hobgoblins
  6 jackals
  27 kobolds
  A quokka (D:6)
  7 giant newts
  57 goblins
  A lurking horror (Abyss:1)
  18 rats
  2 crawling corpses (Vaults:1)
  2 fungi (Elf:2)
  A plant (Lair:6)
  2 starspawn tentacles (Zig:12)
2681 creatures vanquished.

Vanquished Creatures (collateral kills)
  A reaper (Zig:9)
  A vampire knight (Zig:6)
  2 wretched stars (Zig:12)
  A rakshasa (Zig:12)
  A deep elf knight (D:14)
  A thrashing horror (Zig:12)
  An ice devil (Zig:12)
  An oklob plant (Zig:9)
  A smoke demon (Zig:12)
  A raiju (Zig:12)
  A wraith (Zig:9)
  3 chaos spawn (Zig:10)
  5 humans (D:14)
  An ice beast (shapeshifter) (Zig:10)
  2 small abominations (Zig:12)
  A starcursed mass (Zig:12)
  5 ufetubi (Zig:12)
29 creatures vanquished.

Vanquished Creatures (others)
  A tengu reaver (Vaults:4)
  A stone giant (Zig:12)
  A necromancer (D:14)
  A hill giant (Zig:6)
  A wolf spider (shapeshifter) (Zig:10)
  3 spiny frogs (Swamp:2)
  4 ravens (Swamp:2)
  A human (D:14)
  A golden eye (Zig:12)
  A deep elf fighter (Vaults:2)
  A swamp drake (Swamp:2)
  A boggart (Vaults:3)
  6 lost souls
  2 small abominations (Abyss:1)
  2 briar patches (Swamp:1)
  3 fungi
  4 plants
  8 starspawn tentacles
  111 starspawn tentacle segments
153 creatures vanquished.

Grand Total: 2863 creatures vanquished

Notes
Turn   | Place    | Note
--------------------------------------------------------------
     0 | D:1      | onwiheg the Minotaur Berserker began the quest for the Orb.
     0 | D:1      | Reached XP level 1. HP: 19/19 MP: 0/0
   204 | D:1      | Reached skill level 4 in Polearms
   410 | D:1      | Reached XP level 2. HP: 21/26 MP: 1/1
   631 | D:1      | Reached skill level 5 in Polearms
   828 | D:1      | Acquired Trog's second power
   828 | D:1      | Reached XP level 3. HP: 31/31 MP: 2/2
  1079 | D:2      | Noticed Terence
  1083 | D:2      | Killed Terence
  1083 | D:2      | Reached skill level 6 in Polearms
  1083 | D:2      | Reached XP level 4. HP: 33/39 MP: 3/3
  1223 | D:2      | Noticed Natasha
  1234 | D:2      | Killed Natasha
  1292 | D:2      | Reached XP level 5. HP: 45/45 MP: 4/4
  1294 | D:2      | Reached skill level 7 in Polearms
  1492 | D:2      | Noticed Sigmund
  1505 | D:2      | Killed Sigmund
  1505 | D:2      | Reached skill level 8 in Polearms
  1505 | D:2      | Reached XP level 6. HP: 51/51 MP: 5/5
  2236 | D:3      | Reached skill level 9 in Polearms
  2522 | D:3      | Acquired Trog's third power
  2636 | D:4      | Found a staircase to the Ecumenical Temple.
  2636 | D:4      | Noticed Eustachio
  2738 | D:4      | Noticed WhatIsLove's ghost (average FoFi)
  2802 | D:4      | Found Lamex's Food Shoppe.
  2880 | D:4      | Reached XP level 7. HP: 32/57 MP: 6/6
  3087 | D:4      | Killed Eustachio
  3087 | D:4      | Reached skill level 10 in Polearms
  3275 | D:4      | Found Milew's Armour Emporium.
  3280 | D:4      | Bought a +0 pair of gloves of dexterity for 126 gold pieces
  3394 | D:5      | Entered Level 5 of the Dungeon
  3494 | D:5      | Noticed Blork the orc
  3507 | D:5      | Reached skill level 11 in Polearms
  3510 | D:5      | Killed Blork the orc
  3570 | D:5      | Found an ancient bone altar of Kikubaaqudgha.
  3604 | D:5      | Reached XP level 8. HP: 64/64 MP: 7/7
  3735 | D:5      | Found a snail-covered altar of Cheibriados.
  3736 | D:5      | Found an opulent altar of Gozag.
  3864 | D:4      | Killed WhatIsLove's ghost
  3864 | D:4      | Reached skill level 12 in Polearms
  4178 | D:6      | Noticed Crazy Yiuf
  4186 | D:6      | Killed Crazy Yiuf
  4219 | D:6      | Noticed Menkaure
  4225 | D:6      | Killed Menkaure
  4225 | D:6      | Reached skill level 13 in Polearms
  4487 | D:6      | Noticed Duvessa
  4487 | D:6      | Noticed Dowan
  4491 | D:6      | Killed Duvessa
  4492 | D:6      | Killed Dowan
  4517 | D:6      | Reached XP level 9. HP: 64/70 MP: 8/8
  4530 | D:6      | Noticed Edmund
  4618 | D:6      | Reached skill level 14 in Polearms
  4775 | D:6      | Found Qaisosirr's Gadget Shop.
  4847 | D:6      | Killed Edmund
  5132 | D:7      | Found a blossoming altar of Fedhas.
  5900 | D:7      | Found an iron altar of Okawaru.
  5901 | D:7      | Found a stormy altar of Qazlal.
  6010 | D:7      | Reached skill level 15 in Polearms
  6115 | D:8      | Found a glowing silver altar of Zin.
  6326 | D:8      | Received a gift from Trog
  6401 | D:8      | Reached skill level 16 in Polearms
  6515 | D:8      | Found Tatis's Book Emporium.
  6714 | D:8      | Reached XP level 10. HP: 73/77 MP: 9/9
  6884 | D:8      | Found a staircase to the Lair.
  7412 | D:9      | Reached skill level 17 in Polearms
  7734 | D:10     | Entered Level 10 of the Dungeon
  7826 | D:10     | Found a blossoming altar of Fedhas.
  8070 | D:10     | Reached skill level 18 in Polearms
  8082 | D:10     | Found a portal to a secret trove of treasure.
  8358 | D:11     | Reached skill level 5 in Fighting
  8376 | D:11     | Received a gift from Trog
  8390 | D:11     | Noticed a hill giant
  8683 | D:11     | Found a staircase to the Orcish Mines.
  8704 | D:11     | Reached XP level 11. HP: 60/92 MP: 10/10
  8902 | D:11     | Killed a hill giant
  9076 | D:11     | Killed an unseen horror
  9243 | D:11     | Reached skill level 10 in Fighting
  9543 | D:12     | Noticed a hill giant
  9549 | D:12     | Killed a hill giant
  9757 | D:12     | Found a large runed door.
  9765 | D:12     | Found a large runed door.
  9829 | D:12     | Got a twisted robe
 10164 | D:12     | Found a large runed door.
 10168 | D:12     | Found a large runed door.
 10168 | D:12     | Noticed a phantasmal warrior
 10173 | D:12     | Found a large runed door.
 10174 | D:12     | Found a large runed door.
 10176 | D:12     | Received a gift from Trog
 10236 | D:12     | Found a large runed door.
 10355 | D:12     | Found a large runed door.
 10768 | D:13     | Noticed Snorg
 10787 | D:13     | Killed Snorg
 10816 | D:13     | Reached XP level 12. HP: 90/115 MP: 11/11
 11311 | D:13     | Received a gift from Trog
 11349 | D:13     | Noticed Sonja
 11785 | D:14     | Reached skill level 19 in Polearms
 12018 | D:14     | Noticed a centaur warrior
 12026 | D:14     | Killed a centaur warrior
 12069 | D:14     | Noticed an azure jelly
 12081 | D:14     | HP: 4/117 [azure jelly (7)]
 12478 | D:14     | Reached skill level 20 in Polearms
 12510 | D:14     | Noticed a five-headed hydra
 12520 | D:14     | Killed a five-headed hydra
 12679 | D:14     | Received a gift from Trog
 12687 | D:14     | Reached XP level 13. HP: 109/124 MP: 12/12
 12693 | D:14     | Got a smoking lajatang {god gift}
 12704 | D:14     | Identified the +2 lajatang "Hyohazo" {slice, rPois rN+ Str-2} (Trog gifted it to you on level 14 of the Dungeon)
 12714 | D:14     | Noticed a fire dragon
 12715 | D:14     | Noticed Rupert
 12726 | D:14     | Killed a fire dragon
 12735 | D:14     | Killed Rupert
 12751 | D:14     | Got an ancient wooden ring
 12754 | D:14     | Identified the ring of Aqe Hyso {+/*Tele Str+3} (You took it off a tengu warrior on level 14 of the Dungeon)
 13015 | D:14     | Reached skill level 21 in Polearms
 13024 | D:14     | Noticed a vault guard
 13057 | D:14     | Killed a vault guard
 13067 | D:14     | HP: 5/124 [yaktaur/bolt (3)]
 13072 | D:14     | HP: 4/124 [yaktaur (9)]
 13334 | D:14     | Found a gate to the Vaults.
 13455 | D:14     | Killed an azure jelly
 13880 | D:14     | Reached skill level 22 in Polearms
 13955 | D:14     | Identified the +2 robe "Zahokat" {Slay+3} (You found it on level 12 of the Dungeon)
 14265 | D:15     | Entered Level 15 of the Dungeon
 14284 | D:15     | Reached skill level 5 in Armour
 15050 | D:15     | Reached XP level 14. HP: 104/132 MP: 13/13
 15096 | D:15     | Found a staircase to the Depths.
 15326 | Lair:1   | Entered Level 1 of the Lair of Beasts
 15474 | Lair:1   | Got a jewelled leather armour
 15485 | Lair:1   | Identified the +3 leather armour of the Merchant {rN+ Int+3} (You found it on level 1 of the Lair of Beasts)
 15506 | Lair:1   | Received a gift from Trog
 16183 | Lair:2   | Reached skill level 10 in Armour
 16946 | Lair:3   | Found a staircase to the Swamp.
 17627 | Lair:4   | Found a hole to the Spider Nest.
 17919 | Lair:4   | Noticed Urug
 17934 | Lair:4   | Killed Urug
 18326 | Lair:5   | Received a gift from Trog
 19760 | Lair:6   | Received a gift from Trog
 20166 | Lair:6   | Reached skill level 15 in Armour
 20263 | Lair:7   | Reached XP level 15. HP: 126/138 MP: 14/14
 21052 | Lair:8   | Entered Level 8 of the Lair of Beasts
 21218 | Lair:8   | Received a gift from Trog
 21633 | Lair:8   | Received a gift from Trog
 21901 | Lair:8   | Found a staircase to the Slime Pits.
 22310 | Lair:8   | Upgraded the game from 0.17-a0-1105-gbe8b664 to 0.17-a0-1115-g0372368
 22587 | Orc:1    | Entered Level 1 of the Orcish Mines
 22612 | Orc:1    | Received a gift from Trog
 23273 | Orc:2    | Noticed Maurice
 23283 | Orc:2    | Killed Maurice
 23548 | Orc:3    | Found a flagged portal.
 23577 | Bailey   | Entered a bailey
 23604 | Bailey   | Noticed MordorOrchid's ghost (experienced TrBe)
 23616 | Bailey   | Killed MordorOrchid's ghost
 23707 | Bailey   | Received a gift from Trog
 23822 | Bailey   | Noticed Virusyak's ghost (experienced TrMo)
 23858 | Bailey   | Killed Virusyak's ghost
 24166 | Orc:3    | Noticed Donald
 24178 | Orc:3    | Killed Donald
 24496 | Orc:3    | Found a roughly hewn altar of Beogh.
 24665 | Orc:4    | Entered Level 4 of the Orcish Mines
 24683 | Orc:4    | Received a gift from Trog
 25186 | Orc:4    | Received a gift from Trog
 25331 | Orc:4    | Found Ciny's Antique Weapon Boutique.
 25337 | Orc:4    | Reached XP level 16. HP: 99/147 MP: 5/15
 25362 | Orc:4    | Found a roughly hewn altar of Beogh.
 25498 | Orc:4    | Found Rociuw's Book Shop.
 25855 | Orc:4    | Found a staircase to the Elven Halls.
 25910 | Orc:4    | Reached skill level 15 in Fighting
 25940 | Orc:4    | Got a flickering sapphire amulet
 25942 | Orc:4    | Identified the amulet "Fomp" {Gourm *Contam rPois rC+++ Stlth+} (You found it on level 4 of the Orcish Mines)
 26069 | Orc:4    | Noticed Azrael
 26085 | Orc:4    | Killed Azrael
 26086 | Orc:4    | Received a gift from Trog
 26299 | Orc:4    | Found a roughly hewn altar of Beogh.
 26547 | Orc:4    | Found Jiph's Magic Scroll Shop.
 26595 | Orc:4    | Found Jaedaefo's Distillery.
 26615 | Orc:4    | Bought a potion of curing for 45 gold pieces
 26990 | Elf:1    | Entered Level 1 of the Elven Halls
 27031 | Elf:1    | Received a gift from Trog
 27121 | Elf:1    | Cast into the Abyss (a deep elf sorcerer)
 27129 | Abyss:1  | Found a blossoming altar of Fedhas.
 27231 | Abyss:1  | Noticed a tentacled starspawn
 27247 | Abyss:1  | Killed a tentacled starspawn
 27349 | Abyss:1  | Noticed a tentacled starspawn
 27355 | Abyss:1  | Killed a tentacled starspawn
 27816 | Abyss:1  | Gained mutation: [You are frail (-10% HP).] [a neqoxec]
 28010 | Abyss:1  | Noticed a profane servitor
 28026 | Abyss:1  | HP: 6/141 [profane servitor/enchanted whip (12)]
 28398 | Abyss:1  | Received a gift from Trog
 28589 | Abyss:1  | Noticed an Executioner
 28594 | Abyss:1  | Killed an Executioner
 28664 | Abyss:1  | Noticed an Executioner
 28681 | Abyss:1  | Reached XP level 17. HP: 26/151 MP: 16/16
 28682 | Abyss:1  | Killed an Executioner
 28821 | Abyss:1  | Found a corrupted altar of Lugonu.
 28837 | Elf:1    | Escaped the Abyss
 29412 | Elf:1    | Received a gift from Trog
 29539 | Elf:1    | Found Jicax's Antique Armour Shop.
 29548 | Elf:1    | Bought an encrusted chain mail for 323 gold pieces
 29661 | Elf:1    | Identified the +12 chain mail "Qiewoam" {Str+5} (You bought it in a shop on level 1 of the Elven Halls)
 29918 | Elf:2    | Received a gift from Trog
 29919 | Elf:2    | Got an encrusted glaive {god gift}
 29920 | Elf:2    | Identified the +3 glaive "Sanoc" {holy, rC+ Dex+4} (Trog gifted it to you on level 2 of the Elven Halls)
 30005 | Elf:2    | Found Qaxexig's Gadget Boutique.
 30089 | Elf:2    | Found a huge runed gate.
 30089 | Elf:2    | Found a huge runed gate.
 30089 | Elf:2    | Found a huge runed gate.
 30089 | Elf:2    | Found a huge runed gate.
 30091 | Elf:2    | Found a huge runed gate.
 31330 | Elf:2    | Reached skill level 23 in Polearms
 31462 | Elf:3    | Entered Level 3 of the Elven Halls
 31464 | Elf:3    | Noticed Borgoz's ghost (mighty SpAs)
 31729 | Elf:3    | Received a gift from Trog
 31951 | Elf:3    | Killed Borgoz's ghost
 32551 | Lair:1   | Lost mutation: [You are frail (-10% HP).] [potion of cure mutation]
 32692 | Spider:1 | Entered Level 1 of the Spider Nest
 33290 | Spider:1 | Got an iridescent war axe
 33822 | Spider:2 | Received a gift from Trog
 33851 | Spider:2 | Got a crystal broad axe
 33971 | Spider:2 | Noticed Arachne
 34047 | Spider:2 | Noticed Nikola
 34055 | Spider:2 | Killed Nikola
 34055 | Spider:2 | Reached XP level 18. HP: 164/178 MP: 17/17
 34150 | Spider:2 | Noticed Wiglaf
 34162 | Spider:2 | Killed Wiglaf
 34434 | Spider:2 | Noticed Roxanne
 34695 | Spider:2 | Killed Roxanne
 35243 | Spider:3 | Identified the +2 war axe of Pineter {freeze, rN+} (You found it on level 1 of the Spider Nest)
 35244 | Spider:3 | Identified the +5 broad axe of Temperance {holy, rElec} (You found it on level 2 of the Spider Nest)
 35264 | Spider:3 | Noticed Agnes
 35272 | Spider:3 | Killed Agnes
 35292 | Spider:3 | Received a gift from Trog
 35608 | Spider:4 | Entered Level 4 of the Spider Nest
 36640 | Spider:4 | Identified a scroll of acquirement
 36698 | Spider:4 | Received a gift from Trog
 37158 | Spider:4 | Got a gossamer rune of Zot
 37660 | Spider:2 | Killed Arachne
 37890 | Swamp:1  | Entered Level 1 of the Swamp
 38162 | Swamp:1  | Reached XP level 19. HP: 177/187 MP: 18/18
 38277 | Swamp:1  | Received a gift from Trog
 38287 | Swamp:1  | Got an ichor-stained glaive {god gift}
 39898 | Swamp:3  | Noticed Jorgrun
 39904 | Swamp:3  | Killed Jorgrun
 40040 | Swamp:3  | Received a gift from Trog
 40433 | Swamp:4  | Entered Level 4 of the Swamp
 41282 | Swamp:4  | Noticed the 27-headed Lernaean hydra
 41299 | Swamp:4  | Killed the 23-headed Lernaean hydra
 41316 | Swamp:4  | Received a gift from Trog
 41463 | Swamp:4  | Got a decaying rune of Zot
 41883 | Lair:1   | Identified the +9 glaive of World's End {chop, rN+ Str+6} (Trog gifted it to you on level 1 of the Swamp)
 42113 | D:13     | Killed Sonja
 42145 | D:13     | Found a burning altar of Makhleb.
 42324 | D:12     | Killed a phantasmal warrior
 42491 | D:10     | You paid a toll of 18 potions of curing to enter a treasure trove
 42492 | Trove    | Entered a treasure trove
 42517 | Trove    | Got a faintly glowing marble ring
 42523 | Trove    | Got a slimy graven amulet
 42525 | Trove    | Got a warped platinum amulet
 42535 | Trove    | Identified the amulet of the Ancient Dances {Clar Dex+6} (You found it in a treasure trove)
 42536 | Trove    | Identified the amulet of Ciesakus {+Fly rF+ Regen+ Dex+2} (You found it in a treasure trove)
 42559 | D:10     | Identified the ring "Yxtun" {*Confuse rN+ Dex+2 SInv Stlth+} (You found it in a treasure trove)
 43158 | D:15     | Received a gift from Trog
 43314 | D:15     | Got a polished crystal plate armour
 43325 | D:15     | Identified the +5 crystal plate armour of the Many Lies {rC- Regen+ Dex+8 Slay+2} (You acquired it on level 15 of the Dungeon)
 43328 | D:15     | Got a pair of bloodstained gloves
 43339 | D:15     | Identified the +1 pair of gloves of Deweo {-Tele +Inv rCorr Int-4} (You acquired it on level 15 of the Dungeon)
 43339 | D:15     | Lost intelligence.
 43720 | Vaults:1 | Entered Level 1 of the Vaults
 43756 | Vaults:1 | Got a crystal morningstar
 43840 | Vaults:1 | Reached XP level 20. HP: 202/205 MP: 19/19
 44163 | Vaults:1 | Reached skill level 24 in Fighting
 44261 | Vaults:1 | Reached skill level 5 in Dodging
 44273 | Vaults:1 | Received a gift from Trog
 44711 | Vaults:2 | Found Omouraxi's Food Emporium.
 45033 | Vaults:2 | Received a gift from Trog
 45209 | Vaults:2 | Reached skill level 10 in Dodging
 45522 | Vaults:2 | Found a staircase to the Crypt.
 46063 | Vaults:2 | Received a gift from Trog
 46199 | Vaults:3 | Paralysed by a sphinx for 5 turns
 46212 | Vaults:3 | Reached XP level 21. HP: 214/214 MP: 20/20
 46381 | Vaults:3 | Received a gift from Trog
 46527 | Vaults:3 | Noticed Mara
 46533 | Vaults:3 | Noticed onwiheg's illusion
 46558 | Vaults:3 | Killed Mara
 46658 | Vaults:3 | Noticed Frederick
 46679 | Vaults:3 | Killed Frederick
 46831 | Vaults:3 | Reached skill level 15 in Dodging
 46852 | Vaults:3 | Identified the cursed +3 morningstar "Fyeha" {crush, rPois} (You found it on level 1 of the Vaults)
 47024 | Vaults:3 | You fall through a shaft!
 47027 | Vaults:4 | Found Ahixtig's Gadget Emporium.
 47609 | Vaults:4 | Received a gift from Trog
 47612 | Vaults:4 | Got a bloodstained halberd {god gift}
 48168 | Vaults:4 | Identified the +7 halberd "Lykikeir" {venom, rN+} (Trog gifted it to you on level 4 of the Vaults)
 48566 | Lair:1   | Identified a +8 rod of shadows (10/10) (You found it on level 12 of the Dungeon)
 48981 | Vaults:3 | Received a gift from Trog
 49003 | Vaults:3 | Noticed Mennas
 49396 | Vaults:3 | Found Foammefe's Antique Weapon Emporium.
 49465 | Vaults:3 | Killed Mennas
 49613 | Vaults:3 | Reached XP level 22. HP: 222/222 MP: 21/21
 49785 | Crypt:1  | Entered Level 1 of the Crypt
 50191 | Crypt:1  | Received a gift from Trog
 50980 | Crypt:2  | Got a dazzling plate armour
 51572 | Depths:1 | Entered Level 1 of the Depths
 51604 | Depths:1 | Found a corrupted altar of Lugonu.
 51605 | Depths:1 | Found a one-way gate to the infinite horrors of the Abyss.
 52043 | Depths:1 | Got a crude chain mail
 52121 | Depths:1 | Found a gateway to Hell.
 52210 | Depths:1 | Received a gift from Trog
 52651 | Depths:1 | Identified the +3 plate armour of the Moon {MR- Regen+ Dex+5 Slay+2} (You found it on level 2 of the Crypt)
 52661 | Depths:1 | Identified the cursed +0 chain mail of Liberty {-Tele +Inv rC+ MR+} (You found it on level 1 of the Depths)
 52774 | Depths:2 | Paralysed by something for 7 turns
 53060 | Depths:2 | Received a gift from Trog
 53117 | Depths:2 | Reached XP level 23. HP: 208/229 MP: 22/22
 53181 | Depths:2 | Found Mevvak's Magic Scroll Boutique.
 53204 | Depths:2 | Noticed Asterion
 53213 | Depths:2 | Killed Asterion
 53239 | Depths:2 | Found a one-way gate leading to the halls of Pandemonium.
 53258 | Depths:2 | Received a gift from Trog
 53573 | Depths:2 | Found a gateway to a ziggurat.
 53588 | Zig:1    | Entered Level 1 of a ziggurat
 53610 | Zig:2    | Entered Level 2 of a ziggurat
 53677 | Zig:3    | Entered Level 3 of a ziggurat
 53715 | Zig:4    | Entered Level 4 of a ziggurat
 53729 | Zig:4    | Received a gift from Trog
 53752 | Zig:4    | Got a pair of polished gloves
 53771 | Zig:4    | Identified the cursed +0 pair of gloves "Belieh" {rElec MR+ rCorr MP-9} (You found it on level 4 of a ziggurat)
 53812 | Zig:5    | Entered Level 5 of a ziggurat
 53931 | Zig:5    | Reached XP level 24. HP: 234/238 MP: 13/22
 53937 | Zig:6    | Entered Level 6 of a ziggurat
 53945 | Zig:6    | Noticed an ancient lich
 53965 | Zig:7    | Entered Level 7 of a ziggurat
 54257 | Zig:7    | Identified Lehudib's Tome of Combat Magic
 54268 | Zig:7    | Got a scorched hand crossbow
 54406 | Zig:8    | Entered Level 8 of a ziggurat
 54409 | Zig:8    | Gained mutation: [Your body sometimes deteriorates upon taking damage.] [a shining eye]
 54467 | Zig:8    | Got a smoking dagger
 54525 | Zig:8    | Reached XP level 25. HP: 245/245 MP: 13/22
 54527 | Zig:9    | Entered Level 9 of a ziggurat
 54583 | Zig:9    | Received a gift from Trog
 54799 | Zig:10   | Entered Level 10 of a ziggurat
 54807 | Zig:10   | Noticed Tyluj the pandemonium lord
 54818 | Zig:10   | Noticed Texzuasoycs the pandemonium lord
 54831 | Zig:10   | Killed Texzuasoycs the pandemonium lord
 54833 | Zig:10   | Reached skill level 25 in Polearms
 54845 | Zig:10   | Killed Tyluj the pandemonium lord
 54957 | Zig:10   | Got a fine buckler
 54980 | Zig:10   | Identified the +2 buckler "Daorghet" {MR+} (You acquired it on level 10 of a ziggurat)
 54995 | Zig:11   | Entered Level 11 of a ziggurat
 55022 | Zig:11   | Reached skill level 1 in Evocations
 55071 | Zig:11   | Received a gift from Trog
 55128 | Zig:11   | Identified a cursed +5 rod of shadows (14/14) (You found it on level 11 of a ziggurat)
 55135 | Zig:11   | Got a warped chain mail
 55140 | Zig:12   | Entered Level 12 of a ziggurat
 55174 | Zig:12   | Paralysed by accursed screaming for 1 turns
 55181 | Zig:12   | Lost intelligence.
 55190 | Zig:12   | Paralysed by accursed screaming for 1 turns
 55195 | Zig:12   | Paralysed by accursed screaming for 1 turns
 55196 | Zig:12   | HP: 8/256 [smoke demon (illusionary)/divine providence (9)]
 55198 | Zig:12   | HP: 2/256 [starcursed mass (illusionary)/accursed screaming (6)]
 55198 | Zig:12   | Slain by a smoke demon

Vault maps used:
D:1:      dpeg_arrival_water_fire
D:2:      first_bread, uniq_natasha, uniq_sigmund, uniq_terence
D:3:      wad_pebble_path
D:4:      minmay_temple_entry_junction2, serial_shops, kennysheep_little_box,
          nicolae_shop_crystal, uniq_eustachio
D:5:      gammafunk_temple_overflow_pools, lemuel_round_altar, minivault_11,
          uniq_blork_the_orc
D:6:      serial_shops, nicolae_shop_statue_plus, uniq_edmund, uniq_duvessa,
          uniq_menkaure, uniq_crazy_yiuf_cottage
D:7:      nicolae_overflow_hidden_temple, kennysheep_another_room
D:8:      overflow_temple_1_default, dpeg_lair_monsters, serial_shops, shop,
          hangedman_little_slice_of_home, minmay_misc_feat_pillars
D:10:     enter_trove_2, lemuel_tele_altar
D:11:     hiddenorc2_lemuel
D:12:     minmay_five_octagons, serial_glass, glass_columns_b, glass_columns_c,
          glass_columns_c, glass_columns_c
D:13:     basic_altar, uniq_sonja, uniq_snorg
D:14:     grunt_vaults_entry_tiered, portal_ice_cave_entry_horrid_things,
          serial_curves, eino_curves_03, eino_curves_02, uniq_rupert
D:15:     hangedman_depths_entry_civil_slaughter, minmay_misc_feat_room
Lair:1:   infiniplex_staircase_pool, grunt_megastairs_4, serial_bayou_shore_b
Lair:3:   swamp_mist, minmay_hedge_maze, st_stairs_7, lemuel_fruit_tree
Lair:4:   nicolae_spider_entry_orb_guardian, uniq_urug
Lair:5:   minmay_holes, infiniplex_staircase_pool_2, grunt_megastairs_3
Lair:7:   grunt_megastairs_2
Lair:8:   grunt_lair_end_beastmaster, minmay_slime_entry_pillars, zaba_anthell,
          serial_bayou_shore_a
Swamp:1:  serial_swamp_ruin, evilmike_swamp_ruin_house_1,
          hangedman_swamp_ruin_hall, swamp_pool2, cheibrodos_swamp_minitomb
Swamp:2:  evilmike_swamp_ruin_house_4
Swamp:3:  evilmike_swamp_ruin_wall, swamp_pool2,
          nicolae_swamp_very_dense_foliage, uniq_jorgrun
Swamp:4:  swamp_vile, swamp_pool1
Spider:2: nicolae_spider_mines_1, spider_trap,
          hangedman_spider_tarantella_strand, uniq_nikola, uniq_roxanne,
          uniq_wiglaf, uniq_arachne
Spider:3: spider_trap, uniq_agnes
Spider:4: guppyfry_spider_rune, nicolae_spider_cling_ruins
Orc:2:    nicolae_orc_accident_3, uniq_maurice
Orc:3:    enter_bailey_5, basic_altar, nicolae_orc_pool_cavern, uniq_donald
Orc:4:    pubby_orc_utopia, uniq_azrael
Elf:1:    minmay_elf_arrival_summoners, serial_shops, shop,
          hangedman_elf_disciples
Elf:2:    serial_shops, shop_fountains, nicolae_elf_glass_and_crystal_pillar_1
Elf:3:    elf_hall_gauntlet_narrow
Vaults:1: hangedman_vaults_variations, v_misc_19, vaults_dpeg_diagonal,
          hangedman_vaults_pinch, nicolae_vaults_alarming, v_misc_19
Vaults:2: minmay_crypt_entry_simple_statues, nicolae_vaults_twisting_passages,
          dpeg_vaults_monster_box, vaults_room_corners, hangedman_vaults_cutoff,
          hangedman_vaults_slice, st_octagons_1, v_alt_pattern_6,
          nicolae_vaults_circle_grid_a, vaults_dpeg_cross, serial_ice_h,
          vaults_room_hallway, ontoclasm_vaults_idyll, serial_shops, shop
Vaults:3: st_lattice, v_rooms_5, v_misc_3, hangedman_vaults_nodes,
          nicolae_vaults_shelves_hall, vaults_room_door_ring,
          hangedman_vaults_nails, nicolae_vaults_border_crossing, serial_shops,
          nicolae_shop_overgrown_old_shop, uniq_mara, uniq_mennas,
          uniq_frederick
Vaults:4: v_misc_19, nicolae_vaults_little_squares_2, st_spiral_rooms,
          v_rooms_2, vaults_standard_mumra_enter_the_diamond,
          hangedman_vaults_slice, v_misc_16, v_pattern_3, v_misc_26,
          hangedman_vaults_cutoff, nicolae_vaults_rhombus_5,
          nicolae_vaults_little_squares_4, serial_shops, shop
Crypt:1:  serial_sigils, serial_sigils_hangedman_quiver,
          serial_sigils_hangedman_gnaw, serial_sigils_hangedman_quiver,
          serial_sigils_hangedman_snap, serial_sigils_hangedman_stare,
          serial_sigils_hangedman_confine, feat_on_display,
          grunt_crypt_arrival_webbed
Crypt:2:  statuecave_lemuel
Depths:1: special_room, abyss_entry_flame_altar, grunt_mini_vestibule,
          minmay_misc_feat_alley, kennysheep_generic_room_16
Depths:2: grunt_crosshair, enter_ziggurat_e, bh_walls_and_bars, serial_shops,
          shop_coins, pan_entry, hell_entry, infiniplex_staircase_hallway_doors,
          firewood_loft, uniq_asterion
Zig:6:    ziggurat_pillar_centre_c
Zig:8:    ziggurat_loot_3
Zig:9:    ziggurat_pillar_centre_oklobs
Trove:    trove_jewel_1
Bailey:   bailey_axe_minmay_hex_keep, bailey

Action                   |  1- 3 |  4- 6 |  7- 9 | 10-12 | 13-15 | 16-18 | 19-21 | 22-24 | 25-27 || total
-------------------------+-------+-------+-------+-------+-------+-------+-------+-------+-------++-------
Melee: Spear             |    77 |    37 |       |     8 |       |       |       |       |       ||   122
       Halberd           |       |   133 |   342 |   479 |       |       |       |       |       ||   954
       Glaive            |       |       |       |   260 |   273 |       |       |       |       ||   533
       Demon trident     |       |       |       |       |  1690 |       |       |       |       ||  1690
       Bardiche          |       |       |       |       |    61 |  1536 |  1516 |   834 |   174 ||  4121
Invok: Berserk           |       |     3 |     4 |     7 |    10 |     2 |     1 |     1 |     1 ||    29
       Burn Spellbooks   |       |       |     1 |     2 |     5 |     3 |     2 |     3 |     3 ||    19
       Brothers in Arms  |       |       |       |       |     1 |       |       |     1 |     5 ||     7
       Trog's Hand       |       |       |       |       |       |     5 |     1 |     2 |     1 ||     9
Evoke: Wand              |       |     2 |     5 |     2 |    14 |     4 |     2 |     2 |       ||    31
  Use: Scroll            |       |       |       |    14 |    13 |    12 |    27 |     4 |     4 ||    74
       Potion            |       |       |       |       |     2 |     4 |     5 |     8 |     6 ||    25
 Stab: Distracted        |       |       |     1 |     1 |     1 |     4 |     2 |     1 |     1 ||    11
       Invisible         |       |       |       |       |       |       |       |     3 |       ||     3
       Petrified         |       |       |       |       |       |       |       |     1 |     2 ||     3
  Eat: Chunk             |       |     8 |    15 |    24 |    49 |    67 |    40 |    18 |     3 ||   224
       Pizza             |       |       |     2 |     2 |       |       |       |     1 |       ||     5
       Fruit             |       |       |       |       |    10 |       |       |       |       ||    10
       Beef jerky        |       |       |       |       |       |       |       |       |     1 ||     1
